 Dungeon Crawl Stone Soup version 0.21.0-25-ge575cb9 (webtiles) character file.

295336 Gorice the Fencer (level 20, -13/162 HPs)
             Began as a Demonspawn Berserker on Jan 21, 2018.
             Was a High Priest of Trog.
             Shot with a bolt by a yaktaur captain (22 damage)
             ... on level 5 of the Vaults on Jan 23, 2018.
             The game lasted 03:56:26 (63341 turns).

Gorice the Fencer (Demonspawn Berserker)           Turns: 63341, Time: 03:56:27

Health: -13/162    AC: 22    Str: 23    XL:     20   Next: 5%
Magic:  0/20       EV: 25    Int: 10    God:    Trog [*****.]
Gold:   2016       SH: 11    Dex: 20    Spells: 19/19 levels left

rFire    + . .     SeeInvis .   a - +2 great sword (flame)
rCold    . . .     Gourm    .   (shield currently unavailable)
rNeg     + . .     Faith    .   H - quicksilver dragon scales
rPois    .         Spirit   +   x - +0 helmet
rElec    .         Reflect  +   M - +0 cloak
rCorr    .         Harm     .   U - +0 pair of gloves
MR       +++..                  (boots unavailable)
Stlth    ++........             R - +5 amulet of reflection
HPRegen  0.37/turn              f - ring of protection from fire
MPRegen  0.34/turn              m - ring of protection from magic

@: agile, about to teleport
A: talons 3, large bone plates 2, negative energy resistance 1, powered by pain
3, 50% torment resistance, magic shield, magic regeneration, magic link
}: 2/15 runes: barnacled, gossamer
a: Berserk, Trog's Hand, Brothers in Arms, Burn Spellbooks, Renounce Religion


You were on level 5 of the Vaults.
You worshipped Trog.
Trog was extremely pleased with you.
You were hungry.

You visited 7 branches of the dungeon, and saw 37 of its levels.
You also visited: Ossuary.

You collected 3337 gold pieces.
You spent 1321 gold pieces at shops.

Inventory:

Hand Weapons
 a - a +2 great sword of flaming (weapon)
   (You took it off a fire giant on level 3 of the Vaults)
 b - a +2 great sword of freezing
   (You took it off Rupert on level 2 of the Orcish Mines)
 A - a +5 antimagic demon blade
   (Trog gifted it to you on level 2 of the Spider Nest)
 B - a +0 blowgun
Missiles
 j - 23 javelins of returning (quivered)
 P - 21 javelins of penetration
 Q - 16 curare-tipped needles
 Z - 2 throwing nets
Armour
 x - a +0 helmet (worn)
 H - quicksilver dragon scales (worn)
 M - a +0 cloak (worn)
 U - a +0 pair of gloves (worn)
Jewellery
 c - an uncursed ring of protection from cold
 f - a ring of protection from fire (left hand)
 i - an uncursed ring of see invisible
 m - a ring of protection from magic (right hand)
 n - an uncursed ring of positive energy
 C - an uncursed ring of resist corrosion
 F - an uncursed ring of flight
 R - a +5 amulet of reflection (around neck)
Wands
 t - a wand of disintegration (19)
 v - a wand of clouds (6)
 z - a wand of acid (2)
 D - a wand of digging (33)
 S - a wand of iceblast (22)
Scrolls
 g - 7 scrolls of identify
 k - 14 scrolls of remove curse
 w - a scroll of magic mapping {!r}
 E - 4 scrolls of fog
 I - 4 scrolls of blinking
 K - a scroll of summoning {!r}
 N - 3 scrolls of teleportation {!r}
Potions
 d - 6 potions of curing
 e - a potion of berserk rage
 l - 5 potions of might {!q}
 o - a potion of resistance {!q}
 q - a potion of haste {!q}
 r - 2 potions of agility {!q}
 s - 3 potions of cancellation {!q}
 u - 2 potions of invisibility {!q}
 G - a potion of ambrosia
Comestibles
 L - 39 rations


   Skills:
 - Level 15.0 Fighting
 - Level 20.0 Long Blades
 + Level 19.3 Armour
 + Level 11.5 Dodging


You had 19 spell levels left.
You didn't know any spells.

Dungeon Overview and Level Annotations

Branches:
Dungeon (15/15)            Temple (1/1) D:5            Lair (6/6) D:9
 Shoals (4/4) Lair:4       Spider (4/4) Lair:2        Slime (0/5) Lair:5
    Orc (2/2) D:9             Elf (0/3) Orc:2        Vaults (5/5) D:14
  Crypt (0/3) Vaults:2     Depths (0/5) D:15

Altars:
Ashenzari
Cheibriados
Dithmenos
Elyvilon
Fedhas
Gozag
Hepliaklqana
Kikubaaqudgha
Makhleb
Nemelex Xobeh
Okawaru
Qazlal
Ru
Sif Muna
Trog
Uskayaw
Vehumet
Wu Jian
Xom
Yredelemnul
Zin
The Shining One
Jiyva

Shops:
D:12 (   Orc:1 ?[![?   Orc:2 *(*}([   Vaults:1 (


Innate Abilities, Weirdness & Mutations

You have claws for feet.
You are mostly covered in large bone plates. (SH +6)
You resist negative energy. (rN+)
You are powered by pain.
You are somewhat able to resist unholy torments (1 in 2 success).
When hurt, damage is shared between your health and your magic reserves.
You regenerate magic rapidly.
When low on magic, you restore magic in place of health.


Message History

The sphinx casts a spell.
You resist with almost no effort.
A deep elf archer comes into view. It is wielding a dagger.
You slash the hell knight!
You claw the hell knight, but do no damage.
The hell knight is almost dead.
The hell knight gestures at you while chanting.
The puff of flame hits you!
The deep elf archer is empowered by the deep elf high priest's aura!
The deep elf high priest barely misses you.
The sphinx completely misses you.
The sphinx hits you but does no damage. x2
You slice the hell knight!!
You kill the hell knight!
Trog accepts your kill.
Trog appreciates your killing of a magic user.
The yaktaur captain shoots a bolt.
You reflect the bolt off an invisible shield around you!
The bolt hits the yaktaur captain!
Really read
N - 4 scrolls of teleportation {!r}?
As you read the scroll of teleportation {!r}, it crumbles to dust.
You feel strangely unstable.
The sphinx seems less brilliant.
The deep elf archer seems less brilliant.
The sphinx completely misses you. You block the sphinx's attack.
The sphinx hits you.
* * * LOW HITPOINT WARNING * * *
The sphinx is empowered by the deep elf high priest's aura!
The deep elf archer is empowered by the deep elf high priest's aura!
The deep elf high priest hits you but does no damage.
Damage: 1 (max 23)
You feel better.
The yaktaur captain shoots a bolt.
You reflect the bolt off an invisible shield around you!
The bolt hits the yaktaur captain!!
The sphinx hits you.
* * * LOW HITPOINT WARNING * * *
The sphinx hits you but does no damage. The sphinx completely misses you.
The deep elf high priest prays to its god.
The corpses begin to drag themselves along the ground!
You hear a distant "Zot"!
You hear a shout! 2 crawling corpses come into view.
Unknown command.
Unknown command.
Really quaff
r - 3 potions of agility {!q}?
You feel agile all of a sudden. The sphinx hits you!
* * * LOW HITPOINT WARNING * * *
The sphinx misses you. The sphinx completely misses you.
The deep elf high priest mumbles some strange prayers to its god against you.
Something smites you!
* * * LOW HITPOINT WARNING * * *
The yaktaur captain shoots a bolt.
The bolt hits you!!
You die...

#(.#,,,,,,,,**,,**,
#.c#,,,,******,,,,,
#..#**,,**,,,*,,,,,
#..#**,,,,,,,*,,,**
#..#,,,,,,,,,******
#..#,,,,,**,,**,,,,
#..#,*#####,,,,,,,,
#..#,##...#,,,,,,,*
#.@#,,....#,,,#****
#Hx#,,,...#*,.##,,,
#pe#,,*#..##...#,,,
#xe#####.......#,,,
#.)#...p...ยง...#*,,
#..........##..#*,,
#....#######*******
#......,,,,,,,,,,,,
#........,,,,,,,,,,


You could see a sphinx, a yaktaur captain, a vault guard, a deep elf archer, a
deep elf high priest and 2 crawling corpses.

Vanquished Creatures
  Mara (Spider:4)
  Arachne (Spider:2)
  Jorgrun (Spider:4)
  A sphinx (Vaults:1)
  Kirke (Spider:2)
  Agnes (Spider:3)
  A storm dragon (Vaults:1)
  Roxanne (Spider:2)
  Ilsuiw (Shoals:4)
  A revenant (Vaults:2)
  A tengu reaver (Vaults:5)
  2 fire giants (Vaults:3)
  6 ghost moths (Spider:4)
  8 vault wardens
  A frost giant (Shoals:4)
  An emperor scorpion (Spider:4)
  9 ironheart preservers
  A war gargoyle (Vaults:3)
  A stone giant (Vaults:5)
  2 entropy weavers (Spider:3)
  Azrael (Spider:1)
  2 merfolk javelineers (Shoals:4)
  3 ettins
  Snorg (Orc:2)
  3 spark wasps (Spider:4)
  The ghost of execc the Cleaver, a journeyman OpBe of Trog (Lair:3)
  3 merfolk impalers
  A jiangshi (Vaults:2)
  2 fire dragons
  12 yaktaur captains
  8 vault guards
  2 great orbs of eyes
  3 rakshasas (Vaults:1)
  3 ice dragons
  4 hydras
  44 two-headed ogres
  3 alligator snapping turtles
  2 merfolk aquamancers (Shoals:4)
  12 death yaks
  A death knight (Vaults:3)
  2 centaur warriors
  A deep troll shaman (Vaults:2)
  A dancing weapon (Vaults:5)
  A merfolk avatar (Shoals:4)
  13 ogre magi
  5 deep elf knights
  A hell knight (Vaults:5)
  12 skeletal warriors
  4 deep trolls
  A flayed ghost (Vaults:3)
  An unseen horror (shapeshifter) (Vaults:2)
  8 sea snakes
  3 deep elf archers
  3 unseen horrors
  5 wizards
  13 harpies
  A phantasmal warrior (Vaults:4)
  15 ironbrand convokers
  2 necromancers
  9 orb spiders
  An oklob plant (Lair:3)
  14 orc knights
  9 manticores
  5 deep elf magi
  4 orc sorcerers
  18 ugly things
  31 wolf spiders
  4 cyclopes
  A sphinx skeleton (Vaults:2)
  5 fauns (Shoals:1)
  A moth of wrath (Spider:3)
  9 merfolk sirens
  4 black mambas
  A guardian serpent (shapeshifter) (D:15)
  5 elephants
  2 water nymphs
  23 spiny frogs
  8 vault sentinels
  A torpor snail (Spider:4)
  2 rime drakes
  4 freezing wraiths
  31 yaktaurs
  3 kobold demonologists
  A rime drake (shapeshifter) (D:15)
  3 komodo dragons
  A yaktaur skeleton (Vaults:3)
  9 demonic crawlers
  4 trolls
  A queen bee (shapeshifter) (Vaults:1)
  2 polar bears
  2 tengu conjurers (D:15)
  8 merfolk
  A queen bee (Lair:2)
  29 jumping spiders
  2 tyrant leeches (Lair:6)
  15 hornets
  6 snapping turtles
  A harpy skeleton (D:15)
  23 blink frogs
  13 hippogriffs
  7 dream sheep (Lair:6)
  19 slime creatures
  2 shadows
  A human simulacrum (Vaults:2)
  Sigmund (D:3)
  A spriggan (shapeshifter) (Vaults:1)
  A spriggan (D:8)
  A vampire (D:15)
  A wraith (Vaults:2)
  3 wyverns
  A water elemental (Shoals:4)
  6 fire elementals
  59 redbacks
  43 yaks
  25 tarantellas
  3 basilisks
  A hog (Spider:2)
  8 vampire mosquitoes
  A hungry ghost (D:15)
  A swamp worm (shapeshifter) (Vaults:2)
  A harpy simulacrum (D:14)
  2 soldier ants (D:11)
  6 wargs
  8 acid dragons
  8 water moccasins
  A soldier ant (shapeshifter) (D:15)
  A hell hound (Lair:2)
  7 ice beasts
  9 porcupines
  25 orc warriors
  4 phantoms
  A black bear (D:10)
  An eye of draining (D:11)
  4 sky beasts
  A necrophage (D:11)
  48 ogres
  7 boggarts (Vaults:2)
  14 wolves
  15 centaurs
  6 crocodiles
  8 big kobolds
  An elf zombie (Ossuary)
  17 bullfrogs
  A human skeleton (Vaults:2)
  A wyvern skeleton (D:7)
  4 scorpions
  36 killer bees
  8 wights (D:9)
  3 electric eels
  5 howler monkeys
  2 bullfrog zombies
  5 centaur zombies
  6 crimson imps
  3 quasits
  7 human zombies
  A bullfrog skeleton (D:9)
  22 orc priests
  6 hounds
  23 orc wizards
  5 centaur skeletons
  5 iguanas
  13 worker ants
  Natasha (thrice) (D:4 D:6)
  4 hound zombies
  2 mummies (Ossuary)
  A howler monkey zombie (D:3)
  3 worker ant zombies
  15 adders
  11 gnolls
  3 shadow imps
  3 adder skeletons
  2 adder zombies (D:3)
  3 worms
  3 dart slugs
  11 leopard geckos
  94 orcs
  3 giant cockroaches
  42 goblins
  30 hobgoblins
  14 jackals
  22 kobolds
  3 quokkas
  6 ball pythons
  10 bats
  3 frilled lizards
  A giant cockroach zombie (D:3)
  A goblin zombie (Ossuary)
  9 hobgoblin zombies (Ossuary)
  A jackal skeleton (D:3)
  2 jackal zombies
  10 kobold zombies (Ossuary)
  6 orc zombies (Ossuary)
  A quokka skeleton (D:8)
  2 quokka zombies
  9 rats
  2 rat zombies (Ossuary)
  2 fungi (Lair:3)
1434 creatures vanquished.

Vanquished Creatures (collateral kills)
  Saint Roka (Orc:2)
  Rupert (Orc:2)
  Gastronok (Lair:2)
  An ironheart preserver (Vaults:2)
  A spark wasp (Spider:4)
  3 merfolk javelineers (Shoals:4)
  4 merfolk impalers (Shoals:4)
  An ogre mage (Vaults:1)
  A tengu warrior (D:15)
  An alligator snapping turtle (Shoals:4)
  A deep elf knight (Vaults:2)
  A slime creature (Vaults:2)
  2 sea snakes (Shoals:4)
  A deep elf archer (Vaults:2)
  The ghost of Tiamon the Ripper, a novice FeMo of Dithmenos (Lair:2)
  A harpy (Shoals:4)
  3 wolf spiders
  4 ugly things (Vaults:1)
  Maurice (Orc:2)
  A water nymph (Shoals:4)
  A torpor snail (Spider:2)
  A merfolk siren (Shoals:4)
  A vault sentinel (Vaults:3)
  3 jumping spiders
  2 tyrant leeches (Lair:6)
  2 merfolk (Shoals:4)
  A hornet (Vaults:1)
  A wind drake (Shoals:4)
  A blink frog (Lair:6)
  A snapping turtle (Shoals:4)
  A hippogriff (Lair:2)
  A water elemental (Shoals:4)
  4 tarantellas (Spider:4)
  A redback (Spider:2)
  An orc warrior (Orc:2)
  An ogre (Orc:2)
  2 orcs
56 creatures vanquished.

Vanquished Creatures (others)
  A merfolk javelineer (Shoals:4)
  A vampire mage (Vaults:2)
  A shadow wraith (Vaults:2)
  A wizard (D:14)
  An orc warrior (Orc:1)
  A centaur (Shoals:4)
  A worker ant (Orc:1)
  13 fungi
  54 plants
74 creatures vanquished.

Grand Total: 1564 creatures vanquished

Notes
Turn   | Place    | Note
-------+----------+-------------------------------------------
     0 | D:1      | Gorice the Demonspawn Berserker began the quest for the Orb.
     0 | D:1      | Reached XP level 1. HP: 18/18 MP: 1/1
   153 | D:1      | Reached skill level 3 in Long Blades
   179 | D:1      | Gained mutation: When hurt, damage is shared between your health and your magic reserves. [demonic ancestry]
   179 | D:1      | Reached XP level 2. HP: 12/24 MP: 2/2
   202 | D:1      | HP: 6/24 [hobgoblin (3)]
   967 | D:1      | Reached XP level 3. HP: 28/29 MP: 3/3
  1003 | D:1      | Reached ** piety under Trog
  1444 | D:2      | Reached skill level 4 in Long Blades
  1480 | D:2      | Reached skill level 2 in Armour
  1499 | D:2      | Reached XP level 4. HP: 27/35 MP: 4/4
  1647 | D:2      | HP: 10/35 [poisoned by an adder]
  3030 | D:3      | Gained mutation: You have sharp toenails. [demonic ancestry]
  3030 | D:3      | Reached XP level 5. HP: 39/41 MP: 5/5
  3197 | D:3      | Noticed Sigmund
  3227 | D:3      | HP: 12/41 [something/magic dart (3)]
  3483 | D:2      | Reached skill level 5 in Long Blades
  3634 | D:3      | Reached *** piety under Trog
  3719 | D:3      | Reached skill level 3 in Armour
  3925 | D:3      | Killed Sigmund
  3925 | D:3      | Gained mutation: You are partially covered in large bone plates. (SH +4) [demonic ancestry]
  3925 | D:3      | Reached XP level 6. HP: 47/47 MP: 6/6
  4165 | D:3      | Reached skill level 6 in Long Blades
  4458 | D:4      | Reached XP level 7. HP: 47/52 MP: 7/7
  4693 | D:4      | Reached skill level 4 in Armour
  4720 | D:4      | Found an ornate altar of the Wu Jian Council.
  4720 | D:4      | Found a glowing golden altar of the Shining One.
  5394 | D:4      | Noticed Natasha
  5400 | D:4      | Killed Natasha
  5499 | D:4      | Reached **** piety under Trog
  5543 | D:4      | Reached skill level 7 in Long Blades
  5770 | D:4      | Gained mutation: You have razor-sharp toenails. [demonic ancestry]
  5770 | D:4      | Reached XP level 8. HP: 57/58 MP: 8/8
  5844 | D:4      | Noticed Natasha
  5852 | D:4      | Killed Natasha
  5852 | D:4      | Reached skill level 5 in Armour
  6098 | D:5      | Entered Level 5 of the Dungeon
  6115 | D:4      | Reached ***** piety under Trog
  6115 | D:4      | Reached skill level 8 in Long Blades
  6907 | D:5      | Reached skill level 9 in Long Blades
  7052 | D:5      | Found a staircase to the Ecumenical Temple.
  7061 | D:5      | Reached skill level 6 in Armour
  7066 | Temple   | Entered the Ecumenical Temple
  7642 | D:6      | Reached XP level 9. HP: 63/63 MP: 9/9
  7681 | D:6      | Found a shadowy altar of Dithmenos.
  7755 | D:6      | Noticed Natasha
  7762 | D:6      | Killed Natasha
  8142 | D:6      | Received a gift from Trog
  8688 | D:7      | Found a sand-covered staircase.
  8699 | D:7      | Reached skill level 10 in Long Blades
  8729 | Ossuary  | Entered an ossuary
  8920 | Ossuary  | Reached skill level 7 in Armour
  9058 | D:7      | Found a hide-covered altar of Uskayaw.
  9176 | D:7      | Found a hazy altar of Hepliaklqana.
  9605 | D:7      | Found a shattered altar of Ashenzari.
  9677 | D:7      | Noticed a hand axe
  9677 | D:7      | Noticed a hand axe
  9765 | D:7      | Found a blossoming altar of Fedhas.
  9765 | D:7      | Found a basalt altar of Yredelemnul.
  9767 | D:7      | Found a hazy altar of Hepliaklqana.
  9767 | D:7      | Found a shimmering altar of Xom.
  9767 | D:7      | Found a shimmering altar of Xom.
  9890 | D:7      | Reached skill level 11 in Long Blades
  9949 | D:8      | Noticed a two-headed ogre
 10033 | D:8      | Gained mutation: You regenerate magic rapidly. [demonic ancestry]
 10033 | D:8      | Reached XP level 10. HP: 61/70 MP: 8/10
 10078 | D:8      | Killed a two-headed ogre
 10084 | D:8      | Reached skill level 8 in Armour
 10516 | D:8      | Reached skill level 12 in Long Blades
 10997 | D:9      | Found a staircase to the Lair.
 11120 | D:9      | Found a staircase to the Orcish Mines.
 11129 | D:9      | Noticed a two-headed ogre
 11139 | D:9      | Received a gift from Trog
 11572 | D:9      | Killed a two-headed ogre
 11572 | D:9      | Reached skill level 9 in Armour
 11895 | D:9      | Gained mutation: You sometimes gain a little power by taking damage. [demonic ancestry]
 11895 | D:9      | Reached XP level 11. HP: 69/75 MP: 9/11
 12112 | D:9      | Noticed a two-headed ogre
 12117 | D:9      | Killed a two-headed ogre
 12349 | D:9      | Reached skill level 13 in Long Blades
 12538 | Lair:1   | Entered Level 1 of the Lair of Beasts
 12775 | Lair:1   | HP: 18/75 [blink frog (7)]
 12999 | Lair:1   | Noticed an eight-headed hydra
 13007 | Lair:1   | Killed a six-headed hydra
 13136 | Lair:1   | Reached skill level 10 in Armour
 13735 | Lair:1   | HP: 22/75 [poisoned by a black mamba]
 13740 | Lair:1   | HP: 19/75 [poisoned by a black mamba]
 13746 | Lair:1   | HP: 16/75 [poisoned by a black mamba]
 13752 | Lair:1   | HP: 14/75 [poisoned by a black mamba]
 13760 | Lair:1   | HP: 14/75 [poisoned by a black mamba]
 13768 | Lair:1   | HP: 14/75 [poisoned by a black mamba]
 14094 | Lair:1   | Reached skill level 14 in Long Blades
 14635 | Lair:2   | Noticed Tiamon's ghost (novice FeMo)
 14895 | Lair:2   | Noticed a six-headed hydra
 14907 | Lair:2   | Killed a three-headed hydra
 14907 | Lair:2   | Reached skill level 4 in Fighting
 15162 | Lair:2   | HP: 23/78 [poisoned by a black mamba]
 15168 | Lair:2   | HP: 22/78 [poisoned by a black mamba]
 15173 | Lair:2   | HP: 22/78 [poisoned by a black mamba]
 15476 | Lair:2   | Killed Tiamon's ghost
 15476 | Lair:2   | Gained mutation: You sometimes gain power by taking damage. [demonic ancestry]
 15476 | Lair:2   | Reached XP level 12. HP: 63/85 MP: 9/12
 15483 | Lair:2   | Noticed Gastronok
 15498 | Lair:2   | Killed Gastronok
 15498 | Lair:2   | Reached skill level 5 in Fighting
 15920 | Lair:2   | Reached skill level 11 in Armour
 16599 | Lair:1   | HP: 26/87 [poisoned by a wolf spider]
 16604 | Lair:1   | HP: 23/87 [poisoned by a wolf spider]
 16609 | Lair:1   | HP: 22/87 [poisoned by a wolf spider]
 16615 | Lair:1   | HP: 22/87 [poisoned by a wolf spider]
 16925 | Lair:1   | Reached skill level 6 in Fighting
 17137 | Lair:2   | Found a hole to the Spider Nest.
 17921 | Lair:3   | Noticed execc's ghost (journeyman OpBe)
 17957 | Lair:3   | Killed execc's ghost
 17957 | Lair:3   | Reached skill level 7 in Fighting
 18381 | Lair:3   | Found a blossoming altar of Fedhas.
 18592 | Lair:3   | Noticed a five-headed hydra
 18600 | Lair:3   | Killed a four-headed hydra
 18600 | Lair:3   | Reached skill level 8 in Fighting
 18860 | Lair:4   | Reached skill level 12 in Armour
 19131 | Lair:4   | Found a staircase to the Shoals.
 19860 | Lair:5   | Found a staircase to the Slime Pits.
 19879 | Lair:5   | Found a viscous altar of Jiyva.
 19895 | Lair:5   | Noticed a death yak
 19896 | Lair:5   | Noticed a death yak
 19897 | Lair:5   | Noticed a death yak
 19898 | Lair:5   | Noticed a death yak
 19915 | Lair:5   | Noticed a death yak
 19930 | Lair:4   | Killed a death yak
 19930 | Lair:4   | Reached skill level 9 in Fighting
 19930 | Lair:4   | Gained mutation: When low on magic, you restore magic in place of health. [demonic ancestry]
 19930 | Lair:4   | Reached XP level 13. HP: 66/101 MP: 10/13
 20069 | Lair:5   | HP: 25/101 [death yak (11)]
 20482 | Lair:3   | HP: 25/101 [death yak (14)]
 20485 | Lair:3   | HP: 9/101 [death yak (16)]
 21563 | Lair:5   | Reached skill level 10 in Fighting
 21914 | Lair:6   | Entered Level 6 of the Lair of Beasts
 21970 | Lair:5   | Reached skill level 13 in Armour
 22100 | Lair:6   | Received a gift from Trog
 22224 | Lair:6   | HP: 30/104 [dream sheep (6)]
 22313 | Lair:6   | HP: 27/104 [blink frog (7)]
 22334 | Lair:6   | HP: 19/104 [bullfrog (3)]
 22797 | Lair:6   | Reached skill level 11 in Fighting
 22975 | Lair:6   | Reached ****** piety under Trog
 24133 | Lair:5   | Reached XP level 14. HP: 62/114 MP: 11/14
 24330 | Lair:5   | Reached skill level 14 in Armour
 24483 | Lair:6   | Received a gift from Trog
 25195 | Lair:6   | Reached skill level 12 in Fighting
 25367 | Lair:6   | HP: 34/115 [death yak (15)]
 25681 | Lair:5   | HP: 28/115 [death yak (10)]
 26227 | Orc:1    | Entered Level 1 of the Orcish Mines
 26362 | Orc:1    | HP: 15/116 [ettin/dire flail of protection (23)]
 27148 | Orc:1    | Found Tatoroeg's Distillery.
 27156 | Orc:1    | Found Sulipp's Armour Emporium.
 27164 | Orc:1    | Found Muquadop's Armour Shoppe.
 27496 | Orc:1    | Found Kiob's Magic Scroll Emporium.
 27504 | Orc:1    | Bought a scroll of identify for 24 gold pieces
 27504 | Orc:1    | Bought a scroll of identify for 24 gold pieces
 27616 | Orc:2    | Entered Level 2 of the Orcish Mines
 27627 | Orc:2    | Noticed Snorg
 27637 | Orc:2    | Killed Snorg
 27746 | Orc:2    | Noticed Saint Roka
 27761 | Orc:2    | Killed Saint Roka
 27977 | Orc:2    | Found Raluby's Antique Weapon Shop.
 27981 | Orc:2    | Bought a glowing great sword for 389 gold pieces
 28005 | Orc:2    | Found Tutaupon's Armour Emporium.
 28023 | Orc:2    | Noticed Rupert
 28038 | Orc:2    | Killed Rupert
 28098 | Orc:2    | HP: 24/116 [ogre mage/bolt of cold (33)]
 28106 | Orc:2    | HP: 14/116 [ogre/giant spiked club (13)]
 28256 | Orc:2    | Reached skill level 15 in Armour
 29262 | Orc:2    | Reached XP level 15. HP: 91/122 MP: 11/15
 29376 | Orc:2    | Found Besoarai's Gadget Emporium.
 29376 | Orc:2    | Found Etomiesm's Antique Weapon Boutique.
 29377 | Orc:2    | Found Cikosul's Assorted Antiques.
 29377 | Orc:2    | Found Wumyez's General Store.
 29388 | Orc:2    | Bought a potion of heal wounds for 75 gold pieces
 29388 | Orc:2    | Bought a potion of curing for 45 gold pieces
 29388 | Orc:2    | Bought a scroll of blinking for 112 gold pieces
 29559 | Orc:2    | Found a staircase to the Elven Halls.
 29571 | Orc:2    | Noticed Maurice
 29589 | Orc:2    | Killed Maurice
 30055 | Orc:1    | Found a bloodstained altar of Trog.
 30178 | Orc:1    | Found Lostryof's Magic Scroll Emporium.
 30343 | D:10     | Entered Level 10 of the Dungeon
 30918 | D:10     | HP: 36/122 [electric eel/bolt of electricity (3)]
 31297 | D:10     | Got a pitted ring mail
 31703 | D:11     | Received a gift from Trog
 31713 | D:11     | Got a crystal longbow {god gift}
 31714 | D:11     | Identified the +6 longbow of Joyful Slaughter {freeze, rElec Str-4 Int+8 Dex-5} (Trog gifted it to you on level 11 of the Dungeon)
 31951 | D:11     | Found a glowing golden altar of the Shining One.
 33128 | D:12     | Reached skill level 15 in Long Blades
 33146 | D:12     | Found Qazil's Weapon Shop.
 34053 | D:13     | Noticed Sonja
 34060 | D:13     | Noticed Sonja
 34060 | D:13     | Sonja changed into Sonja the acid dragon
 34068 | D:13     | Killed Sonja the acid dragon
 34336 | D:13     | Reached skill level 16 in Armour
 35181 | D:13     | Received a gift from Trog
 35484 | D:14     | Reached skill level 13 in Fighting
 35714 | D:14     | Found a gate to the Vaults.
 36527 | D:14     | Reached skill level 16 in Long Blades
 36904 | D:15     | Entered Level 15 of the Dungeon
 37117 | D:15     | Received a gift from Trog
 37343 | D:15     | HP: 34/124 [tengu warrior/war axe of electrocution (5)]
 37344 | D:15     | HP: 15/124 [tengu warrior/war axe of electrocution (4)]
 37939 | D:15     | Found a staircase to the Depths.
 38406 | D:15     | Gained mutation: You are powered by pain. [demonic ancestry]
 38406 | D:15     | Reached XP level 16. HP: 114/132 MP: 14/16
 38777 | Orc:2    | Bought an agate ring for 140 gold pieces
 38845 | Orc:1    | Bought a +1 plate armour of poison resistance for 512 gold pieces
 38922 | Lair:1   | Identified a scroll of acquirement
 38924 | Lair:1   | Found the +2 pair of boots of the Assassin {Detection Stab+ Stlth++}
 38975 | Spider:1 | Entered Level 1 of the Spider Nest
 38975 | Spider:1 | Noticed Azrael
 38979 | Spider:1 | Received a gift from Trog
 39386 | Spider:1 | Killed Azrael
 40158 | Spider:1 | Reached skill level 14 in Fighting
 40785 | Spider:1 | Reached skill level 17 in Long Blades
 41850 | Spider:2 | Noticed Roxanne
 41867 | Spider:2 | Killed Roxanne
 42004 | Spider:2 | Noticed Arachne
 42022 | Spider:2 | Received a gift from Trog
 42577 | Spider:2 | Noticed Kirke
 42595 | Spider:2 | Killed Kirke
 42937 | Spider:2 | Killed Arachne
 44118 | Spider:3 | Noticed Agnes
 44130 | Spider:3 | Killed Agnes
 44401 | Spider:3 | HP: 37/134 [disintegration (26)]
 44855 | Spider:4 | Entered Level 4 of the Spider Nest
 44867 | Spider:4 | HP: 36/134 [ghost moth (8)]
 44871 | Spider:4 | Reached skill level 18 in Long Blades
 45325 | Spider:4 | Noticed Jorgrun
 45547 | Spider:4 | Killed Jorgrun
 45585 | Spider:4 | Reached skill level 15 in Fighting
 45617 | Spider:4 | Gained mutation: You have claws for feet. [demonic ancestry]
 45617 | Spider:4 | Reached XP level 17. HP: 142/142 MP: 17/17
 45693 | Spider:4 | HP: 42/142 [poisoned by a redback]
 45698 | Spider:4 | HP: 34/142 [poisoned by a redback]
 45703 | Spider:4 | HP: 25/142 [poisoned by a redback]
 45708 | Spider:4 | HP: 21/142 [poisoned by a redback]
 45713 | Spider:4 | HP: 18/142 [poisoned by a redback]
 45719 | Spider:4 | HP: 16/142 [poisoned by a redback]
 45724 | Spider:4 | HP: 16/142 [poisoned by a redback]
 45731 | Spider:4 | HP: 16/142 [poisoned by a redback]
 45739 | Spider:4 | HP: 17/142 [poisoned by a redback]
 47671 | Spider:4 | Noticed Mara
 47682 | Spider:4 | Noticed Gorice's illusion
 47686 | Spider:4 | Killed Mara
 47686 | Spider:4 | Received a gift from Trog
 47930 | Spider:4 | HP: 28/142 [spark wasp (15)]
 47930 | Spider:4 | HP: 11/142 [spark wasp (12)]
 48491 | Spider:4 | HP: 31/142 [spark wasp (13)]
 48496 | Spider:4 | HP: 19/142 [spark wasp/living lightning (3)]
 49146 | Spider:4 | Got a gossamer rune of Zot
 49539 | Vaults:1 | Entered Level 1 of the Vaults
 49539 | Vaults:1 | Found Jaxelymm's Weapon Shop.
 49668 | D:14     | Reached skill level 19 in Long Blades
 50335 | Vaults:1 | HP: 41/142 [yaktaur captain/bolt (34)]
 50343 | Vaults:1 | HP: 13/142 [yaktaur captain/bolt (20)]
 50343 | Vaults:1 | HP: 3/142 [yaktaur/bolt[a yaktaur captain] (4)]
 50361 | Vaults:1 | HP: 40/142 [yaktaur captain (1)]
 50366 | Vaults:1 | HP: 32/142 [yaktaur[a yaktaur captain] (8)]
 50372 | Vaults:1 | HP: 18/142 [yaktaur/bolt[a yaktaur captain] (9)]
 50762 | Vaults:1 | HP: 41/142 [two-headed ogre/giant club (8)]
 50763 | Vaults:1 | HP: 13/142 [two-headed ogre/giant club (11)]
 50764 | Vaults:1 | Reached skill level 2 in Dodging
 51440 | Vaults:1 | Reached skill level 3 in Dodging
 51447 | Vaults:1 | Received a gift from Trog
 51776 | Vaults:1 | HP: 42/142 [red ugly thing (6)]
 51781 | Vaults:1 | HP: 32/142 [freezing wraith (3)]
 51789 | Vaults:1 | HP: 21/142 [poisoned by a hornet]
 51794 | Vaults:1 | HP: 21/142 [poisoned by a hornet]
 51800 | Vaults:1 | HP: 10/142 [wolf spider (6)]
 51802 | Vaults:1 | HP: 1/142 [wolf spider (8)]
 51808 | D:14     | HP: 23/213 [wolf spider (9)]
 52244 | Vaults:1 | Gained mutation: You are mostly covered in large bone plates. (SH +6) [demonic ancestry]
 52244 | Vaults:1 | Reached XP level 18. HP: 114/149 MP: 13/18
 52452 | Vaults:1 | Reached skill level 17 in Armour
 52669 | Vaults:1 | Reached skill level 4 in Dodging
 52789 | Vaults:1 | HP: 40/149 [rakshasa/trident (6)]
 53200 | Vaults:1 | Received a gift from Trog
 53221 | Vaults:1 | Reached skill level 5 in Dodging
 53544 | Vaults:1 | HP: 34/149 [rakshasa (illusionary)/orb of energy (29)]
 53545 | Vaults:1 | HP: 15/149 [rakshasa (illusionary)/orb of energy (19)]
 54751 | Vaults:1 | Reached skill level 6 in Dodging
 55847 | Vaults:2 | Reached skill level 20 in Long Blades
 56348 | Vaults:2 | Found a staircase to the Crypt.
 56506 | Vaults:2 | Reached skill level 7 in Dodging
 56777 | Vaults:2 | HP: 40/149 [slime creature (5)]
 56799 | Vaults:2 | HP: 27/149 [deep elf archer/arrow[an ironheart preserver] (11)]
 56819 | Vaults:2 | HP: 29/149 [deep elf archer/uncursed dagger[an ironheart preserver] (4)]
 57349 | Vaults:2 | Received a gift from Trog
 58060 | Vaults:2 | Reached skill level 8 in Dodging
 58252 | Vaults:3 | Reached skill level 18 in Armour
 58275 | Vaults:3 | Gained mutation: You resist negative energy. (rN+) [demonic ancestry]
 58275 | Vaults:3 | Reached XP level 19. HP: 129/155 MP: 19/19
 58327 | Vaults:3 | HP: 46/155 [yaktaur captain (2)]
 58334 | Vaults:3 | HP: 38/155 [vault warden/great sword (10)]
 58345 | Vaults:3 | HP: 37/155 [orc knight/war axe of electrocution (3)]
 58361 | Vaults:3 | HP: 34/155 [ettin/dire flail (8)]
 58362 | Vaults:3 | HP: 16/155 [ettin/dire flail (17)]
 58424 | Vaults:3 | HP: 27/155 [ironheart preserver/flail of protection (1)]
 59201 | Shoals:1 | Entered Level 1 of the Shoals
 59243 | Shoals:1 | Reached skill level 9 in Dodging
 59253 | Shoals:1 | Received a gift from Trog
 59777 | Shoals:4 | Entered Level 4 of the Shoals
 60114 | Shoals:4 | HP: 40/155 [sea snake (8)]
 60115 | Shoals:4 | HP: 13/155 [alligator snapping turtle (25)]
 60120 | Shoals:4 | HP: 18/155 [alligator snapping turtle (6)]
 60558 | Shoals:4 | Received a gift from Trog
 60645 | Shoals:4 | Reached skill level 10 in Dodging
 60816 | Shoals:4 | HP: 28/155 [alligator snapping turtle (21)]
 61249 | Shoals:4 | Got a barnacled rune of Zot
 61487 | Shoals:4 | Noticed Ilsuiw
 61513 | Shoals:4 | Killed Ilsuiw
 61537 | Shoals:4 | Upgraded the game from 0.21.0-24-g2553a33 to 0.21.0-25-ge575cb9
 62363 | Vaults:3 | Reached skill level 19 in Armour
 62447 | Vaults:3 | Identified the cursed +1 plate armour of Demons {rF- Str+5 Dex+9} (You found it on level 3 of the Vaults)
 62606 | Vaults:3 | Reached skill level 11 in Dodging
 62965 | Vaults:4 | Received a gift from Trog
 63180 | Vaults:5 | Entered Level 5 of the Vaults
 63183 | Vaults:5 | Noticed a golden dragon
 63200 | Vaults:5 | Gained mutation: You are somewhat able to resist unholy torments (1 in 2 success). [demonic ancestry]
 63200 | Vaults:5 | Reached XP level 20. HP: 107/162 MP: 14/20
 63204 | Vaults:5 | HP: 44/162 [halberd of freezing (8)]
 63289 | Vaults:5 | HP: 30/162 [tengu reaver/bolt of lightning (24)]
 63294 | Vaults:5 | HP: 27/162 [tengu reaver/enchanted long sword (2)]
 63309 | Vaults:5 | HP: 15/162 [stone giant (20)]
 63333 | Vaults:5 | HP: 24/162 [hell knight/enchanted glaive (2)]
 63339 | Vaults:5 | HP: 13/162 [sphinx (1)]
 63341 | Vaults:5 | Shot with a bolt by a yaktaur captain

Skill      XL: |  1  2  3  4  5  6  7  8  9 10 11 12 13 14 15 16 17 18 19 |
---------------+----------------------------------------------------------+-----
Long Blades    | 3 4 5 6 7 9 11 12 14 16 18 19 20 | 20.0
Armour         | 2 3 4 6 7 9 10 12 13 15 16 18 19 | 19.3
Fighting       | 4 9 11 12 13 15 | 15.0
Dodging        | 3 8 11 | 11.5

Action                   |  1- 3 |  4- 6 |  7- 9 | 10-12 | 13-15 | 16-18 | 19-21 || total
-------------------------+-------+-------+-------+-------+-------+-------+-------++-------
Melee: Falchion          |   122 |    88 |       |       |       |       |       ||   210
       Long sword        |       |   145 |   590 |   740 |   711 |       |       ||  2186
       Kick              |       |    31 |   194 |   226 |   497 |   479 |   323 ||  1750
       Great sword       |       |       |       |       |   892 |  1546 |   698 ||  3136
 Fire: Hunting sling     |       |     5 |    34 |       |       |       |       ||    39
       Fustibalus        |       |       |     4 |   123 |   103 |       |       ||   230
Throw: Stone             |    11 |     3 |       |       |       |       |       ||    14
       Javelin           |       |     8 |    15 |       |    17 |    47 |       ||    87
       Tomahawk          |       |       |     3 |     9 |     7 |     2 |       ||    21
Invok: Berserk           |       |     1 |     2 |     7 |     3 |     4 |       ||    17
       Brothers in Arms  |       |       |       |     1 |     9 |    12 |    10 ||    32
       Trog's Hand       |       |       |       |       |     1 |       |       ||     1
 Abil: Evoke Flight      |       |       |       |       |       |       |     3 ||     3
Evoke: Wand              |       |       |       |    10 |     7 |    21 |     1 ||    39
  Use: Scroll            |     1 |     6 |     8 |    16 |     7 |     9 |    10 ||    57
       Potion            |       |       |       |       |     1 |    11 |    10 ||    22
 Stab: Held in net/web   |       |       |       |       |       |     2 |       ||     2
       Invisible         |       |       |       |       |       |     3 |     3 ||     6
       Distracted        |       |       |       |       |       |     2 |       ||     2
       Sleeping          |       |       |       |       |       |     1 |       ||     1
  Eat: Chunk             |     2 |     9 |    19 |    28 |    56 |    39 |    15 ||   168
       Ration            |       |       |     1 |     3 |     3 |    10 |     2 ||    19
Armor: Animal skin       |    11 |       |       |       |       |       |       ||    11
       Chain mail        |    51 |   143 |   285 |   257 |       |       |       ||   736
       Quicksilver drago |       |       |       |    48 |   637 |   269 |   178 ||  1132
       Plate armour      |       |       |       |       |       |   754 |       ||   754
Dodge: Dodged            |    61 |    86 |   234 |   233 |   687 |   740 |   298 ||  2339
Block: Other             |       |     2 |   101 |   103 |   411 |   790 |   281 ||  1688
       Reflection        |       |       |       |       |     6 |    23 |    26 ||    55
       Rpst.: Falchion   |    17 |     8 |       |       |       |       |       ||    25
       Long sword        |       |    15 |    67 |    74 |    76 |       |       ||   232
       Great sword       |       |       |       |       |   102 |   153 |    59 ||   314

Table legend:
 A = Turns spent in this place as a percentage of turns spent in the entire game.
 B = Non-inter-level travel turns spent in this place as a percentage of non-inter-level travel turns spent in the entire game.
 C = Inter-level travel turns spent in this place as a percentage of turns spent in this place.
 D = Turns resting spent in this place as a percentage of non-inter-level travel turns spent in this place.
 E = Turns spent auto-exploring this place as a percentage of non-inter-level travel turns spent in this place.
 F = Non-inter-level travel turns spent in this place divided by the number of levels of this place that you've seen.
                   A       B       C       D       E      F
               +-------+-------+-------+-------+-------+----------------------
         Total | 100.0 | 100.0 |   5.3 |  45.3 |  23.3 | 1578.8
       Dungeon |  35.1 |  34.4 |   7.2 |  33.3 |  34.6 | 1374.9
        Temple |   0.3 |   0.1 |  49.1 |   0.0 |  97.7 |  86.0
          Lair |  22.9 |  23.0 |   5.0 |  48.8 |  21.0 | 2300.8
        Shoals |   4.1 |   4.1 |   6.6 |  47.7 |   6.7 | 609.2
   Spider Nest |  15.5 |  15.9 |   3.1 |  60.9 |  14.5 | 2382.8
  Orcish Mines |   5.4 |   5.3 |   7.9 |  46.0 |  20.1 | 1580.0
        Vaults |  16.1 |  16.7 |   1.8 |  51.4 |  16.4 | 2005.4
       Ossuary |   0.5 |   0.5 |   0.0 |   0.0 |   0.0 | 326.0
               +-------+-------+-------+-------+-------+----------------------

Vault maps used:
D:1:      nagdon_arrival_zigzag_paths, minivault_4, serial_bayou_pond_b,
          minmay_misc_feat_chi
D:2:      chequers_big_river, kennysheep_nondescript
D:3:      serial_undead, serial_undead_f, serial_undead_a, serial_undead_b,
          serial_undead_a, serial_undead_c, serial_undead_c, serial_undead_e,
          minmay_misc_feat_iff, uniq_sigmund
D:4:      minmay_goblin_kobold_castle, gammafunk_temple_overflow_elements,
          uniq_natasha
D:5:      temple_green, first_ration
D:6:      kb_forest_paths, nicolae_dithmenos_through_a_glass_darkly,
          serial_co_window_serial, co_window_corner_a, co_window_corner_a,
          co_window_paths_a, co_window_paths_b, co_window_paths_a,
          co_window_broadway_a, co_window_corner_b, co_window_broadway_b,
          co_window_paths_e, co_window_4corner_a, glass_columns_b,
          glass_columns_c, glass_columns_a, glass_columns_c, glass_columns_b
D:7:      dancing_weapons_uskayaw, doesnt_xom_only_xom,
          nicolae_ossuary_entry_monument, basic_altar
D:8:      the_bakery
D:9:      lair_entry_dummy, erik_orc_3
D:11:     basic_altar
D:12:     serial_shops, shop_statue
D:13:     uniq_sonja
D:14:     erik_vaults_2
D:15:     grunt_enter_depths_hoard, corexii_corridor_pit
Temple:   minmay_crystal_spiral_temple
Lair:1:   wad_woods_structure_01, grunt_megastairs_1, uniq_joseph
Lair:2:   spider_nest_entry_funnel_web, special_room, serial_bayou_pond_e,
          grunt_megastairs_3, serial_bayou_shore_a, uniq_gastronok
Lair:3:   tgw_fedhas, serial_bayou_shore_b, grunt_megastairs_5
Lair:4:   minmay_shoals_entry_lonely_mermaid, nicolae_quartered_pool_medium,
          minivault_11
Lair:5:   slime_altar_1
Lair:6:   minmay_lair_end_frog_pond
Shoals:1: uniq_louise
Shoals:2: uniq_aizul
Shoals:3: serial_shops, nicolae_shop_trees
Shoals:4: shoals_end_grunt_ice, shoal_ilsuiw
Spider:1: special_room, uniq_azrael
Spider:2: uniq_arachne, uniq_roxanne, uniq_kirke
Spider:3: uniq_agnes
Spider:4: spider_rune_water, guppyfry_hornet_nest, uniq_jorgrun, uniq_mara
Orc:1:    serial_shops, shop_fountains, shop_fountains, shop, shop_scrolls,
          nicolae_shop_statue_plus, trog_butcher_becter
Orc:2:    st_orc_ogre_mass, serial_shops, shop, shop, uniq_rupert, uniq_maurice,
          uniq_snorg, uniq_saint_roka
Vaults:1: dpeg_vaults_monster_row, ontoclasm_vaults_ring_large,
          nicolae_vaults_three_branches, vaults_dpeg_hooks,
          nicolae_vaults_little_squares_6, nicolae_vaults_circle_grid_a,
          nicolae_vaults_specimen_jars, vaults_mumra_bighexcomb,
          nicolae_vaults_stairing_the_circle, nicolae_vaults_ninety_degrees,
          v_pattern_3, hangedman_vaults_restitches, ontoclasm_vaults_misaligned,
          vaults_room_fancy_cross, serial_shops, shop
Vaults:2: ontoclasm_vaults_ligature, v_misc_25, nicolae_vaults_back_hallway,
          vaults_room_corners, ontoclasm_vaults_twist,
          minmay_crypt_entry_simple_statues, ontoclasm_vaults_misaligned,
          nicolae_vaults_little_squares_5, hangedman_vaults_capsules,
          nicolae_vaults_yaktaur_gun_rack
Vaults:3: v_misc_28, v_misc_9, nicolae_vaults_alarming, v_misc_26,
          vaults_room_hangedman_quadrants, nicolae_vaults_network_quinsquares,
          vaults_mumra_minichess_inversion, v_misc_19,
          ontoclasm_vaults_claustrophobia, ontoclasm_vaults_loading_screen,
          vaults_room_pool, v_misc_8, nicolae_vaults_ring_of_whatevers,
          vaults_room_fancy_cross, v_alt_pattern_1
Vaults:4: v_misc_18, ontoclasm_vaults_loading_screen, ontoclasm_vaults_shuriken,
          v_pattern_1, nicolae_vaults_halls_meeting, nicolae_vaults_theta,
          nicolae_vaults_inception_scallops, hangedman_vaults_variations,
          nicolae_vaults_little_squares_4, vaults_room_semicircle,
          vaults_dpeg_encased_lava, ontoclasm_vaults_decontamination,
          grunt_vaults_hallway_long, vaults_room_semicircle
Vaults:5: serial_shops
Ossuary:  ossuary_tomb_1
